 Dungeon Crawl Stone Soup version 0.23.2-33-g5129a83184 (webtiles) character file.

Game seed: 4029562063396375494

458 Noglodyte the Ruffian (level 6, -4/59 HPs)
             Began as a Troll Fighter on July 2, 2019.
             Was a Follower of Makhleb.
             Slain by Prince Ribbit (16 damage)
             ... on level 5 of the Dungeon.
             The game lasted 00:05:34 (2906 turns).

Noglodyte the Ruffian (Troll Fighter)               Turns: 2906, Time: 00:05:35

Health: -4/59      AC:  6    Str: 27    XL:     6   Next: 77%
Magic:  5/5        EV:  8    Int:  4    God:    Makhleb [*.....]
Gold:   222        SH:  9    Dex:  9    Spells: 5/5 levels left

rFire    . . .     SeeInvis .     - Unarmed
rCold    . . .     Gourm    +   b - +0 shield
rNeg     . . .     Faith    .   a - +0 robe
rPois    .         Spirit   .   (helmet restricted)
rElec    .         Reflect  .   (no cloak)
rCorr    .         Harm     .   (gloves unavailable)
MR       .....                  (boots unavailable)
Stlth    +.........             (no amulet)
HPRegen  0.59/turn              (no ring)
MPRegen  0.09/turn              (no ring)

@: no status effects
A: large, unfitting armour, claws 3, fast metabolism 3, gourmand, regeneration
1, shaggy fur 1, tough skin 3
a: Renounce Religion


You were on level 5 of the Dungeon.
You worshipped Makhleb.
Makhleb was aware of your devotion.
You were completely stuffed.

You visited 1 branch of the dungeon, and saw 5 of its levels.

You collected 222 gold pieces.

Inventory:

Missiles
 k - 2 needles of confusion
 u - 8 tomahawks (quivered)
 x - 35 poisoned needles
Armour
 a - a +0 robe (worn)
 b - a +0 shield (worn)
Jewellery
 h - an uncursed ring of wizardry {unknown}
 l - an uncursed amulet of magic regeneration {unknown}
 m - a +3 ring of slaying {unknown}
 w - an uncursed ring of resist corrosion {unknown}
Scrolls
 f - a scroll of noise {unknown}
 g - 5 scrolls of teleportation {unknown}
 i - 4 scrolls of amnesia {unknown}
 j - 4 scrolls of enchant weapon {unknown}
 p - a scroll of enchant armour {unknown}
 s - 2 scrolls of blinking {unknown}
 t - a scroll of identify {unknown}
 v - 3 scrolls of immolation {unknown}
Potions
 c - a potion of might
 e - a potion of ambrosia {unknown}
 n - a potion of curing {unknown}
 o - a potion of agility {unknown}
 q - a potion of flight {unknown}
 r - a potion of degeneration {unknown}
Comestibles
 d - 10 rations
 z - a chunk of flesh


   Skills:
 - Level 2.4 Fighting
 - Level 2.4 Dodging
 - Level 2.4 Shields
 + Level 7.4 Unarmed Combat


You had 5 spell levels left.
You didn't know any spells.
Your spell library was empty.

Dungeon Overview and Level Annotations

Branches:
Dungeon (5/15)
 Temple: D:4-7

Altars:
Dithmenos
Fedhas
Makhleb
Okawaru
Qazlal
Ru
Sif Muna
Uskayaw
Vehumet

Annotations:
D:5 Prince Ribbit


Innate Abilities, Weirdness & Mutations

You are too large for most types of armour.
You have claws for hands.
Your metabolism is lightning-fast.
You like to eat raw meat.
Your natural rate of healing is unusually fast.
You are covered in fur. (AC +1)
You have extremely tough skin. (AC +3)


Message History

You are too injured to fight recklessly!
You are too injured to fight recklessly!
You are too injured to fight recklessly!
You are too injured to fight recklessly!
You are too injured to fight recklessly!
You closely miss Prince Ribbit.
Prince Ribbit is severely wounded.
You block Prince Ribbit's attack.
You miss Prince Ribbit.
Prince Ribbit is severely wounded.
Prince Ribbit hits you.
* * * LOW HITPOINT WARNING * * *
You claw Prince Ribbit!
Prince Ribbit is almost dead.
Prince Ribbit casts a spell.
Prince Ribbit looks slightly unstable.
You block Prince Ribbit's attack.
You closely miss Prince Ribbit.
Prince Ribbit is almost dead.
Prince Ribbit hits you!
You die...

######.###
#........#
#........#
#!.......#
####........##
....(........
#..........
#<.@F.....#
#.........#
............#
..............#
......########..
...... . ......
......


You could see Prince Ribbit.

Vanquished Creatures
  Sigmund (D:2)
  2 orc priests (D:4)
  A hound (D:4)
  An orc wizard (D:4)
  3 worker ants
  5 adders
  2 worms (D:4)
  2 dart slugs
  2 leopard geckos (D:2)
  3 orcs
  3 giant cockroaches (D:2)
  5 goblins
  4 hobgoblins
  4 jackals (D:1)
  3 quokkas
  2 ball pythons
  8 bats
  5 frilled lizards
  8 kobolds
  4 rats
68 creatures vanquished.

Notes
Turn   | Place    | Note
-------+----------+-------------------------------------------
     0 | D:1      | Noglodyte the Troll Fighter began the quest for the Orb.
     0 | D:1      | Reached XP level 1. HP: 22/22 MP: 0/0
   243 | D:1      | Reached XP level 2. HP: 27/29 MP: 1/1
   291 | D:1      | Reached skill level 3 in Unarmed Combat
   880 | D:2      | Reached XP level 3. HP: 36/36 MP: 2/2
   951 | D:2      | Found a shadowy altar of Dithmenos.
   995 | D:2      | Reached skill level 4 in Unarmed Combat
  1221 | D:2      | Found a blossoming altar of Fedhas.
  1383 | D:2      | Noticed Sigmund
  1390 | D:2      | Killed Sigmund
  1390 | D:2      | Reached skill level 6 in Unarmed Combat
  1390 | D:2      | Reached XP level 4. HP: 41/44 MP: 3/3
  1390 | D:2      | Reached XP level 5. HP: 47/50 MP: 4/4
  1452 | D:2      | Found a deep blue altar of Sif Muna.
  1452 | D:2      | Found an iron altar of Okawaru.
  1453 | D:2      | Found a burning altar of Makhleb.
  1465 | D:2      | Became a worshipper of Makhleb the Destroyer
  1978 | D:3      | Found a hide-covered altar of Uskayaw.
  2084 | D:3      | Found a radiant altar of Vehumet.
  2358 | D:4      | Reached XP level 6. HP: 59/59 MP: 5/5
  2458 | D:4      | Reached * piety under Makhleb
  2461 | D:4      | Reached skill level 7 in Unarmed Combat
  2585 | D:4      | Found a sacrificial altar of Ru.
  2651 | D:4      | Found a stormy altar of Qazlal.
  2895 | D:5      | Entered Level 5 of the Dungeon
  2895 | D:5      | Noticed Prince Ribbit
  2906 | D:5      | Slain by Prince Ribbit

Skill      XL: |  1  2  3  4  5  6 |
---------------+-------------------+-----
Unarmed Combat | 3 6 7 |  7.4
Fighting       | |  2.4
Dodging        | |  2.4
Shields        | |  2.4

Action                   |  1- 3 |  4- 6 || total
-------------------------+-------+-------++-------
Melee: Unarmed           |   105 |    93 ||   198
  Eat: Chunk             |    18 |    14 ||    32
Armor: Robe              |    30 |    18 ||    48
Dodge: Dodged            |    33 |    27 ||    60
Block: Shield            |    55 |    33 ||    88
